General information
			
			
        
        - name: BNet
 
        - type: Ladder team game (AT/RT)
 
        - host: Battle.net
 
        - saver: DOGSANDHORSE.RU
 
        
map: Friends 
        - players: 8
 
        - length: 129:45
 
        - speed: Fast
 - version: 1.22 W3XP
 - replay type:  

 
» download(1095 KB)
Players
        team 1 (loser) 
              
              
» 
DnA)TIman (
yellow | 62 APM | 8032 actions | 129:42)
              
 8 Crypt Lord 
 3 Carrion Beetles
 3 Spiked Carapace
 2 Impale
 8 Death Knight 
 3 Death Coil
 3 Unholy Aura
 1 Animate Dead
 1 Death Pact
 9 Lich 
 3 Frost Nova
 2 Dark Ritual
 1 Death and Decay
 3 Frost Armor
 1 Mountain King 
 1 Thunder Clap
 1 Blood Mage 
 1 Siphon Mana
 
                » actions 
                
                | Assign group hotkey | 194 |  | 
| Basic commands | 1114 |  | 
| Build / train | 402 |  | 
| ESC pressed | 2 |  | 
| Enter build submenu | 86 |  | 
| Enter hero's abilities submenu | 27 |  | 
| Give item / drop item | 13 |  | 
| Remove unit from queue | 3 |  | 
| Right click | 1789 |  | 
| Select / deselect | 2415 |  | 
| Select group hotkey | 1358 |  | 
| Use ability | 625 |  | 
                8032 total
 » units 
                
                | Acolyte | 84 |  | 
| Ghoul | 11 |  | 
| Crypt Fiend | 10 |  | 
| Goblin Zeppelin | 1 |  | 
| Frost Wyrm | 40 |  | 
| Obsidian Statue | 3 |  | 
| Meatwagon | 2 |  | 
| Peasant | 7 |  | 
| Siege Engine | 10 |  | 
                168 total
 » upgrades
                
                | Creature Attack | 3 |  | 
| Web | 1 |  | 
| Freezing Breath | 1 |  | 
| Creature Carapace | 3 |  | 
| Unholy Armor | 2 |  | 
| Unholy Strength | 2 |  | 
| Ghoul Frenzy | 1 |  | 
                13 total
 » buildings
                
                | Crypt | 6 |  | 
| Graveyard | 1 |  | 
| Ziggurat | 37 |  | 
| Altar of Darkness | 4 |  | 
| Nerubian Tower | 22 |  | 
| Spirit Tower | 11 |  | 
| Halls of the Dead | 2 |  | 
| Black Citadel | 1 |  | 
| Slaughterhouse | 2 |  | 
| Tomb of Relics | 2 |  | 
| Sacrificial Pit | 1 |  | 
| Boneyard | 3 |  | 
| Necropolis | 4 |  | 
| Scout Tower | 46 |  | 
| Guard Tower | 17 |  | 
| Altar of Kings | 3 |  | 
| Workshop | 2 |  | 
| Farm | 1 |  | 
| Cannon Tower | 3 |  | 
| Arcane Tower | 2 |  | 
                170 total
 » build order
                00:05 Crypt
00:11 Graveyard
00:40 Ziggurat
01:22 Altar of Darkness
01:34 Ziggurat
02:41 Nerubian Tower
03:13 Spirit Tower
05:30 Halls of the Dead
08:06 Black Citadel
08:38 Ziggurat
08:50 Ziggurat
10:26 Slaughterhouse
10:28 Tomb of Relics
11:13 Sacrificial Pit
12:42 Boneyard
14:44 Ziggurat
16:03 Ziggurat
16:04 Ziggurat
26:57 Boneyard
35:55 Altar of Darkness
36:09 Altar of Darkness
36:10 Altar of Darkness
36:35 Spirit Tower
37:22 Ziggurat
37:23 Ziggurat
37:24 Ziggurat
37:27 Ziggurat
37:28 Ziggurat
37:28 Ziggurat
38:12 Boneyard
38:24 Spirit Tower
38:25 Spirit Tower
38:25 Spirit Tower
40:33 Crypt
41:03 Ziggurat
41:19 Ziggurat
41:27 Ziggurat
41:32 Ziggurat
41:36 Ziggurat
41:39 Ziggurat
43:10 Nerubian Tower
43:11 Nerubian Tower
43:12 Spirit Tower
43:12 Spirit Tower
43:14 Nerubian Tower
43:15 Spirit Tower
43:58 Crypt
43:59 Crypt
44:00 Crypt
44:01 Crypt
49:34 Slaughterhouse
52:22 Ziggurat
55:20 Nerubian Tower
57:10 Ziggurat
57:11 Ziggurat
57:13 Necropolis
57:17 Necropolis
57:18 Ziggurat
57:19 Ziggurat
57:20 Ziggurat
62:34 Spirit Tower
62:34 Nerubian Tower
62:34 Nerubian Tower
62:35 Nerubian Tower
62:36 Nerubian Tower
62:37 Nerubian Tower
78:14 Ziggurat
78:15 Ziggurat
78:18 Ziggurat
81:08 Nerubian Tower
81:10 Nerubian Tower
88:14 Scout Tower
88:17 Scout Tower
88:18 Ziggurat
88:22 Ziggurat
88:24 Ziggurat
89:08 Guard Tower
89:14 Nerubian Tower
89:15 Nerubian Tower
90:27 Altar of Kings
90:28 Altar of Kings
91:09 Nerubian Tower
92:22 Ziggurat
92:24 Ziggurat
97:10 Workshop
97:11 Workshop
97:16 Scout Tower
97:16 Scout Tower
97:17 Scout Tower
97:17 Scout Tower
97:18 Scout Tower
97:18 Scout Tower
99:39 Farm
104:50 Nerubian Tower
104:50 Nerubian Tower
106:13 Ziggurat
106:14 Ziggurat
106:45 Scout Tower
108:19 Scout Tower
108:20 Scout Tower
108:21 Scout Tower
108:21 Scout Tower
108:22 Scout Tower
108:22 Scout Tower
108:23 Scout Tower
108:24 Scout Tower
108:25 Scout Tower
108:25 Scout Tower
108:26 Scout Tower
108:27 Scout Tower
108:28 Scout Tower
109:21 Guard Tower
109:25 Guard Tower
112:26 Guard Tower
112:31 Cannon Tower
112:34 Guard Tower
114:48 Guard Tower
114:51 Guard Tower
118:22 Scout Tower
118:22 Scout Tower
118:23 Scout Tower
118:24 Scout Tower
118:24 Scout Tower
118:25 Scout Tower
118:25 Scout Tower
118:26 Scout Tower
118:26 Scout Tower
118:26 Scout Tower
118:26 Scout Tower
118:27 Scout Tower
118:27 Scout Tower
118:49 Necropolis
118:51 Necropolis
121:41 Spirit Tower
121:44 Nerubian Tower
121:45 Nerubian Tower
121:53 Scout Tower
121:53 Scout Tower
121:54 Scout Tower
121:54 Scout Tower
121:54 Scout Tower
121:55 Scout Tower
121:56 Scout Tower
121:56 Scout Tower
121:57 Scout Tower
121:58 Scout Tower
122:13 Ziggurat
122:14 Ziggurat
123:30 Guard Tower
123:31 Guard Tower
123:54 Guard Tower
124:26 Guard Tower
125:11 Tomb of Relics
125:17 Cannon Tower
125:18 Arcane Tower
125:55 Arcane Tower
125:57 Guard Tower
125:57 Guard Tower
126:37 Guard Tower
126:37 Guard Tower
128:21 Altar of Kings
» items
                
                | Orb of Lightning | 3 |  | 
| Scroll of Speed | 1 |  | 
| Orb of Corruption | 5 |  | 
| Healing Salve | 1 |  | 
| Scroll of Town Portal | 26 |  | 
| Potion of Mana | 23 |  | 
| Scroll of Healing | 15 |  | 
| Dust of Appearance | 6 |  | 
| Potion of Healing | 8 |  | 
| Scourge Bone Chimes | 1 |  | 
| Demonic Figurine | 4 |  | 
| Inferno Stone | 1 |  | 
| Potion of Divinity | 2 |  | 
| Wand of the Wind | 1 |  | 
                97 total
  
               
              
              
Fire)of(Xenos (
pink | 48 APM | 3935 actions | 81:53)
              
 6 Mountain King 
 3 Storm Bolt
 2 Bash
 1 Avatar
 4 Paladin 
 2 Holy Light
 2 Devotion Aura
 3 Blood Mage 
 2 Flame Strike
 1 Siphon Mana
 
                » actions 
                
                | Basic commands | 13 |  | 
| Build / train | 276 |  | 
| Enter build submenu | 64 |  | 
| Enter hero's abilities submenu | 13 |  | 
| Remove unit from queue | 3 |  | 
| Right click | 1630 |  | 
| Select / deselect | 1698 |  | 
| Use ability | 237 |  | 
                3935 total
 » units 
                
                | Peasant | 27 |  | 
| Footman | 7 |  | 
| Siege Engine | 46 |  | 
| Knight | 7 |  | 
| Goblin Zeppelin | 2 |  | 
| Goblin Shredder | 1 |  | 
| Mortar Team | 7 |  | 
| Dragonhawk Rider | 38 |  | 
| Flying Machine | 5 |  | 
| Goblin Sapper | 4 |  | 
| Gryphon Rider | 1 |  | 
                145 total
 » upgrades
                
                | Barrage | 1 |  | 
| Animal War Training | 1 |  | 
| Lumber Harvesting | 2 |  | 
| Plating | 3 |  | 
| Swords | 3 |  | 
| Gunpowder | 3 |  | 
| Fragmentation Shards | 1 |  | 
| Armor | 3 |  | 
| Masonry | 3 |  | 
| Backpack | 1 |  | 
| Magic Sentry | 1 |  | 
| Cloud | 1 |  | 
| Defend | 1 |  | 
| Long Rifles | 1 |  | 
| Flak Cannons | 1 |  | 
| Flying Machine Bombs | 1 |  | 
| Storm Hammers | 1 |  | 
| Sorceress Training | 2 |  | 
| Priest Training | 2 |  | 
| Control Magic | 1 |  | 
| Flare | 1 |  | 
                34 total
 » buildings
                
                | Farm | 11 |  | 
| Altar of Kings | 1 |  | 
| Barracks | 1 |  | 
| Lumber Mill | 1 |  | 
| Keep | 3 |  | 
| Arcane Vault | 1 |  | 
| Castle | 1 |  | 
| Blacksmith | 1 |  | 
| Workshop | 2 |  | 
| Guard Tower | 35 |  | 
| Town Hall | 3 |  | 
| Scout Tower | 32 |  | 
| Arcane Sanctum | 2 |  | 
| Gryphon Aviary | 2 |  | 
| Arcane Tower | 1 |  | 
                97 total
 » build order
                00:04 Farm
00:07 Altar of Kings
00:41 Barracks
01:10 Farm
01:35 Lumber Mill
01:50 Farm
03:12 Keep
03:18 Arcane Vault
04:35 Farm
05:36 Castle
05:42 Blacksmith
06:06 Farm
06:59 Farm
07:02 Farm
07:06 Workshop
09:56 Farm
11:18 Farm
28:05 Workshop
28:28 Farm
30:16 Farm
36:44 Guard Tower
37:46 Guard Tower
37:48 Guard Tower
37:49 Guard Tower
38:50 Town Hall
40:40 Scout Tower
41:09 Scout Tower
41:10 Guard Tower
41:40 Guard Tower
41:43 Scout Tower
42:11 Scout Tower
42:12 Guard Tower
43:56 Scout Tower
44:22 Scout Tower
44:23 Guard Tower
44:37 Arcane Sanctum
44:42 Arcane Sanctum
44:49 Guard Tower
44:53 Scout Tower
45:43 Guard Tower
45:46 Scout Tower
46:24 Guard Tower
46:26 Scout Tower
46:56 Guard Tower
47:00 Scout Tower
47:07 Gryphon Aviary
47:59 Gryphon Aviary
50:04 Guard Tower
52:51 Keep
52:54 Scout Tower
57:08 Scout Tower
57:59 Town Hall
58:52 Guard Tower
58:58 Arcane Tower
61:37 Scout Tower
62:23 Guard Tower
62:25 Scout Tower
63:05 Guard Tower
63:07 Guard Tower
63:10 Guard Tower
63:14 Guard Tower
63:16 Scout Tower
63:52 Guard Tower
63:53 Scout Tower
64:36 Guard Tower
64:41 Scout Tower
65:08 Guard Tower
65:10 Scout Tower
65:41 Guard Tower
66:00 Town Hall
72:43 Scout Tower
73:18 Scout Tower
73:19 Guard Tower
73:45 Guard Tower
73:48 Scout Tower
74:29 Guard Tower
74:31 Scout Tower
75:23 Scout Tower
75:24 Guard Tower
76:38 Scout Tower
76:40 Guard Tower
77:25 Scout Tower
77:26 Guard Tower
77:59 Scout Tower
78:01 Guard Tower
78:27 Scout Tower
78:28 Guard Tower
79:26 Guard Tower
79:29 Scout Tower
80:10 Scout Tower
80:11 Guard Tower
80:40 Scout Tower
80:41 Guard Tower
80:44 Keep
81:28 Guard Tower
81:31 Scout Tower
81:43 Scout Tower
» items
                
                | Lesser Clarity Potion | 2 |  | 
| Scroll of Regeneration | 2 |  | 
| Scroll of Town Portal | 2 |  | 
| Healing Salve | 1 |  | 
| Orb of Fire | 5 |  | 
| Potion of Healing | 3 |  | 
| Ivory Tower | 17 |  | 
| Inferno Stone | 1 |  | 
| Healing Wards | 1 |  | 
| Stone Token | 1 |  | 
| Potion of Divinity | 1 |  | 
| Ankh of Reincarnation | 1 |  | 
| Belt of Giant Strength +6 | 1 |  | 
                38 total
  
               
              
              
Nico_Le_Dio[fr] (
orange | 60 APM | 7639 actions | 126:58)
              
 9 Blademaster 
 3 Wind Walk
 3 Critical Strike
 1 Bladestorm
 2 Mirror Image
 6 Shadow Hunter 
 2 Hex
 3 Healing Wave
 1 Big Bad Voodoo
 1 Crypt Lord 
 1 Locust Swarm
 4 Pandaren Brewmaster 
 2 Breath of Fire
 2 Drunken Haze
 1 Mountain King 
 1 Thunder Clap
 1 Blood Mage 
 1 Flame Strike
 1 Paladin 
 1 Resurrection
 
                » actions 
                
                | Assign group hotkey | 111 |  | 
| Build / train | 193 |  | 
| Enter build submenu | 25 |  | 
| Enter hero's abilities submenu | 24 |  | 
| Give item / drop item | 1 |  | 
| Remove unit from queue | 2 |  | 
| Right click | 4326 |  | 
| Select / deselect | 1120 |  | 
| Select group hotkey | 1431 |  | 
| Use ability | 406 |  | 
                7639 total
 » units 
                
                | Peon | 22 |  | 
| Grunt | 11 |  | 
| Demolisher | 6 |  | 
| Wind Rider | 7 |  | 
| Troll Witch Doctor | 22 |  | 
| Tauren | 29 |  | 
| Troll Batrider | 19 |  | 
| Kodo Beast | -1 |  | 
| Gryphon Rider | 8 |  | 
| Siege Engine | 4 |  | 
                127 total
 » upgrades
                
                | Witch Doctor Training | 2 |  | 
| Envenomed Spears | 1 |  | 
| Pulverize | 1 |  | 
| Burning Oil | 1 |  | 
| Melee Weapons | 1 |  | 
                6 total
 » buildings
                
                | Altar of Storms | 2 |  | 
| Orc Burrow | 13 |  | 
| Barracks | 1 |  | 
| Voodoo Lounge | 1 |  | 
| Stronghold | 2 |  | 
| War Mill | 1 |  | 
| Beastiary | 1 |  | 
| Spirit Lodge | 1 |  | 
| Fortress | 3 |  | 
| Tauren Totem | 1 |  | 
| Great Hall | 1 |  | 
| Scout Tower | 10 |  | 
| Guard Tower | 2 |  | 
| Farm | 1 |  | 
                40 total
 » build order
                00:12 Altar of Storms
00:19 Orc Burrow
00:35 Barracks
01:24 Orc Burrow
02:42 Voodoo Lounge
03:02 Stronghold
03:02 Stronghold
03:29 Orc Burrow
04:16 War Mill
05:35 Beastiary
05:44 Spirit Lodge
07:11 Orc Burrow
07:16 Fortress
07:16 Fortress
08:10 Orc Burrow
10:04 Tauren Totem
10:35 Orc Burrow
11:29 Orc Burrow
28:08 Orc Burrow
35:00 Orc Burrow
39:49 Great Hall
62:39 Orc Burrow
66:36 Orc Burrow
67:02 Orc Burrow
74:34 Altar of Storms
76:38 Orc Burrow
98:17 Scout Tower
98:18 Scout Tower
98:20 Scout Tower
98:21 Scout Tower
98:23 Scout Tower
102:07 Guard Tower
112:35 Farm
114:02 Scout Tower
114:03 Scout Tower
114:03 Scout Tower
114:04 Scout Tower
114:05 Scout Tower
114:59 Guard Tower
» items
                
                | Healing Salve | 3 |  | 
| Lesser Clarity Potion | 3 |  | 
| Scroll of Town Portal | 3 |  | 
| Potion of Healing | 1 |  | 
| Orb of Lightning | 1 |  | 
| Tiny Great Hall | 1 |  | 
                12 total
  
               
              
              
» 
Triso_men (
teal | 38 APM | 4771 actions | 126:49)
              
 10 Tauren Chieftain 
 3 War Stomp
 3 Endurance Aura
 1 Reincarnation
 3 Shockwave
 3 Mountain King 
 1 Storm Bolt
 1 Bash
 1 Thunder Clap
 6 Shadow Hunter 
 2 Healing Wave
 3 Hex
 1 Big Bad Voodoo
 5 Far Seer 
 2 Chain Lighting
 3 Feral Spirit
 1 Paladin 
 1 Holy Light
 1 Blood Mage 
 1 Siphon Mana
 
                » actions 
                
                | Assign group hotkey | 51 |  | 
| Basic commands | 22 |  | 
| Build / train | 296 |  | 
| Enter build submenu | 95 |  | 
| Enter hero's abilities submenu | 26 |  | 
| Give item / drop item | 1 |  | 
| Remove unit from queue | 42 |  | 
| Right click | 2044 |  | 
| Select / deselect | 1715 |  | 
| Select group hotkey | 98 |  | 
| Use ability | 381 |  | 
                4771 total
 » units 
                
                | Peon | 53 |  | 
| Grunt | 4 |  | 
| Demolisher | 18 |  | 
| Troll Headhunter/Berserker | 27 |  | 
| Troll Batrider | 9 |  | 
| Wind Rider | 10 |  | 
| Peasant | 31 |  | 
| Gryphon Rider | 10 |  | 
| Siege Engine | 2 |  | 
                164 total
 » upgrades
                
                | Armor | 3 |  | 
| Melee Weapons | 0 |  | 
| Ranged Weapons | 3 |  | 
| Burning Oil | 1 |  | 
| Berserker Upgrade | 1 |  | 
| Troll Regeneration | 1 |  | 
| Liquid Fire | 1 |  | 
| Envenomed Spears | 1 |  | 
| Reinforced Defenses | 1 |  | 
| Spiked Barricades | 2 |  | 
                14 total
 » buildings
                
                | Altar of Storms | 1 |  | 
| Orc Burrow | 12 |  | 
| Barracks | 2 |  | 
| War Mill | 3 |  | 
| Voodoo Lounge | 2 |  | 
| Stronghold | 1 |  | 
| Fortress | 1 |  | 
| Watch Tower | 44 |  | 
| Great Hall | 4 |  | 
| Beastiary | 4 |  | 
| Gryphon Aviary | 6 |  | 
| Lumber Mill | 2 |  | 
| Castle | 1 |  | 
| Farm | 16 |  | 
| Arcane Vault | 1 |  | 
| Scout Tower | 5 |  | 
| Guard Tower | 2 |  | 
| Arcane Tower | 5 |  | 
                112 total
 » build order
                00:17 Altar of Storms
00:23 Orc Burrow
00:49 Barracks
01:21 War Mill
01:57 Orc Burrow
02:31 Voodoo Lounge
03:50 Stronghold
03:54 Orc Burrow
05:27 Barracks
06:54 Fortress
07:20 Watch Tower
07:56 Orc Burrow
08:02 Orc Burrow
08:05 Orc Burrow
11:30 Orc Burrow
14:42 Orc Burrow
18:13 Orc Burrow
20:42 Orc Burrow
21:42 Great Hall
23:30 Great Hall
53:53 Watch Tower
53:56 Watch Tower
53:58 Watch Tower
54:00 Watch Tower
54:17 Watch Tower
54:41 Watch Tower
56:17 Watch Tower
56:19 Watch Tower
56:22 Watch Tower
56:31 Watch Tower
56:34 Watch Tower
56:39 Watch Tower
58:30 Watch Tower
58:40 Watch Tower
58:44 Watch Tower
58:49 Watch Tower
59:00 Watch Tower
59:10 Watch Tower
60:30 Watch Tower
60:31 Watch Tower
60:32 Watch Tower
60:34 Watch Tower
60:36 Watch Tower
60:37 Watch Tower
60:39 Watch Tower
60:40 Watch Tower
61:58 Beastiary
62:00 Beastiary
62:02 Beastiary
62:05 Beastiary
62:11 Watch Tower
62:15 Watch Tower
63:36 War Mill
72:36 Great Hall
72:46 Watch Tower
72:48 Watch Tower
72:57 Watch Tower
73:00 Watch Tower
75:15 Watch Tower
75:24 Watch Tower
75:27 Watch Tower
75:31 Watch Tower
76:43 Watch Tower
76:45 Watch Tower
76:47 Watch Tower
76:53 Great Hall
77:51 Watch Tower
77:56 Watch Tower
78:01 Watch Tower
86:20 War Mill
87:54 Orc Burrow
87:56 Orc Burrow
88:11 Gryphon Aviary
88:12 Gryphon Aviary
88:24 Lumber Mill
91:31 Castle
91:48 Gryphon Aviary
91:50 Gryphon Aviary
91:53 Gryphon Aviary
91:55 Gryphon Aviary
92:03 Farm
92:05 Farm
92:05 Farm
92:06 Farm
92:10 Arcane Vault
93:45 Voodoo Lounge
93:49 Watch Tower
94:12 Farm
94:14 Farm
110:12 Scout Tower
110:14 Scout Tower
110:16 Scout Tower
110:17 Scout Tower
110:20 Scout Tower
110:25 Lumber Mill
111:08 Guard Tower
111:13 Arcane Tower
111:23 Farm
111:25 Farm
111:26 Farm
111:27 Farm
111:27 Farm
111:28 Farm
111:28 Farm
111:28 Farm
111:29 Farm
113:54 Arcane Tower
113:57 Arcane Tower
114:51 Arcane Tower
114:59 Guard Tower
» items
                
                | Healing Salve | 6 |  | 
| Scroll of Speed | 3 |  | 
| Scroll of Town Portal | 9 |  | 
| Potion of Healing | 4 |  | 
| Orb of Lightning | 1 |  | 
| Scourge Bone Chimes | 1 |  | 
| Tiny Great Hall | 1 |  | 
| Lesser Clarity Potion | 5 |  | 
| Dust of Appearance | 2 |  | 
                32 total
  
               team 2 (winner) 
              
              
DOGSANDHORSE.RU (
green | 128 APM | 16613 actions | 129:45)
              
 10 Demon Hunter 
 3 Mana Burn
 3 Evasion
 1 Metamorphosis
 3 Immolation
 10 Pandaren Brewmaster 
 3 Breath of Fire
 3 Drunken Haze
 1 Storm Earth and Fire
 3 Drunken Brawler
 9 Keeper of the Grove 
 3 Entangling Roots
 3 Thorns Aura
 1 Tranquility
 2 Force of Nature
 
                » actions 
                
                | Assign group hotkey | 20 |  | 
| Basic commands | 46 |  | 
| Build / train | 253 |  | 
| Enter build submenu | 35 |  | 
| Enter hero's abilities submenu | 31 |  | 
| Give item / drop item | 46 |  | 
| Remove unit from queue | 25 |  | 
| Right click | 10766 |  | 
| Select / deselect | 1395 |  | 
| Select group hotkey | 3135 |  | 
| Use ability | 853 |  | 
                16613 total
 » units 
                
                | Wisp | 67 |  | 
| Goblin Zeppelin | 5 |  | 
| Chimaera | 6 |  | 
                78 total
 » upgrades
                
                | Nature's Blessing | 1 |  | 
| Strength of the Wild | 3 |  | 
| Well Spring | 1 |  | 
| Corrosive Breath | 1 |  | 
| Reinforced Hides | 3 |  | 
| Ultravision | 1 |  | 
                10 total
 » buildings
                
                | Altar of Elders | 1 |  | 
| Moon Well | 10 |  | 
| Tree of Ages | 2 |  | 
| Ancient of Wonders | 2 |  | 
| Tree of Eternity | 1 |  | 
| Tree of Life | 11 |  | 
| Ancient of Wind | 1 |  | 
| Ancient of War | 1 |  | 
| Chimaera Roost | 3 |  | 
| Hunter's Hall | 1 |  | 
                33 total
 » build order
                00:11 Altar of Elders
00:21 Moon Well
01:11 Moon Well
04:03 Tree of Ages
05:59 Moon Well
06:01 Moon Well
06:02 Moon Well
06:03 Moon Well
06:27 Ancient of Wonders
06:55 Tree of Eternity
07:24 Tree of Life
09:10 Ancient of Wonders
14:11 Ancient of Wind
15:58 Ancient of War
16:01 Tree of Life
17:32 Chimaera Roost
17:38 Chimaera Roost
17:39 Chimaera Roost
17:56 Hunter's Hall
27:17 Tree of Life
34:25 Moon Well
34:26 Moon Well
34:27 Moon Well
34:28 Moon Well
45:32 Tree of Life
58:42 Tree of Life
58:45 Tree of Life
67:32 Tree of Life
69:51 Tree of Life
86:23 Tree of Life
102:21 Tree of Life
117:37 Tree of Life
» items
                
                | Scroll of Regeneration | 15 |  | 
| Lesser Clarity Potion | 19 |  | 
| Staff of Preservation | 3 |  | 
| Orb of Venom | 2 |  | 
| Dust of Appearance | 1 |  | 
| Healing Salve | 12 |  | 
| Sobi Mask | 5 |  | 
| Inferno Stone | 3 |  | 
| Potion of Divinity | 8 |  | 
| Scroll of Town Portal | 18 |  | 
| Orb of Lightning | 1 |  | 
| Robe of the Magi +6 | 2 |  | 
| Potion of Healing | 2 |  | 
| Ankh of Reincarnation | 3 |  | 
| Potion of Restoration | 2 |  | 
| Moonstone | 1 |  | 
| Runed Bracers | 2 |  | 
| Belt of Giant Strength +6 | 1 |  | 
                100 total
  
               
              
              
GoToYurup (
purple | 72 APM | 9299 actions | 129:43)
              
 10 Blademaster 
 3 Wind Walk
 3 Critical Strike
 1 Bladestorm
 3 Mirror Image
 4 Shadow Hunter 
 2 Hex
 2 Healing Wave
 
                » actions 
                
                | Assign group hotkey | 416 |  | 
| Basic commands | 10 |  | 
| Build / train | 111 |  | 
| ESC pressed | 15 |  | 
| Enter build submenu | 62 |  | 
| Enter hero's abilities submenu | 14 |  | 
| Give item / drop item | 8 |  | 
| Remove unit from queue | 9 |  | 
| Right click | 6604 |  | 
| Select / deselect | 1058 |  | 
| Select group hotkey | 248 |  | 
| Use ability | 742 |  | 
                9299 total
 » units 
                
                | Peon | 30 |  | 
| Troll Batrider | 9 |  | 
| Goblin Zeppelin | 3 |  | 
| Goblin Shredder | 1 |  | 
                43 total
 » upgrades
                » buildings
                
                | Altar of Storms | 2 |  | 
| Orc Burrow | 8 |  | 
| War Mill | 1 |  | 
| Watch Tower | 36 |  | 
| Stronghold | 5 |  | 
| Voodoo Lounge | 2 |  | 
| Fortress | 6 |  | 
| Beastiary | 4 |  | 
| Great Hall | 6 |  | 
                70 total
 » build order
                00:03 Altar of Storms
00:11 Orc Burrow
00:46 War Mill
02:00 Orc Burrow
02:17 Watch Tower
02:39 Watch Tower
02:42 Watch Tower
03:28 Stronghold
03:28 Stronghold
03:47 Watch Tower
03:53 Watch Tower
04:04 Voodoo Lounge
04:54 Watch Tower
04:55 Watch Tower
05:01 Watch Tower
05:06 Watch Tower
05:45 Watch Tower
06:22 Watch Tower
06:23 Watch Tower
06:25 Watch Tower
06:54 Watch Tower
07:20 Watch Tower
07:21 Watch Tower
07:22 Watch Tower
07:24 Watch Tower
09:35 Fortress
09:35 Fortress
09:41 Watch Tower
09:41 Watch Tower
09:42 Watch Tower
09:45 Watch Tower
09:46 Watch Tower
09:57 Beastiary
09:58 Beastiary
10:29 Watch Tower
11:18 Watch Tower
11:19 Watch Tower
11:20 Watch Tower
11:23 Watch Tower
11:24 Watch Tower
11:25 Watch Tower
11:26 Watch Tower
11:55 Watch Tower
11:57 Watch Tower
11:59 Watch Tower
11:59 Watch Tower
12:00 Watch Tower
12:59 Orc Burrow
16:24 Altar of Storms
16:25 Orc Burrow
16:28 Orc Burrow
21:13 Great Hall
21:16 Great Hall
27:34 Great Hall
28:11 Stronghold
30:44 Fortress
30:48 Beastiary
30:48 Beastiary
32:25 Voodoo Lounge
34:16 Orc Burrow
34:17 Orc Burrow
34:31 Orc Burrow
51:50 Great Hall
51:56 Great Hall
58:31 Great Hall
79:37 Stronghold
114:49 Fortress
114:49 Fortress
» items
                
                | Healing Salve | 1 |  | 
| Lesser Clarity Potion | 2 |  | 
| Scroll of Speed | 1 |  | 
| Orb of Lightning | 1 |  | 
| Potion of Healing | 2 |  | 
| Scroll of Regeneration | 2 |  | 
| Scroll of Town Portal | 4 |  | 
| Boots of Quel'Thalas +6 | 4 |  | 
| Health Stone | 1 |  | 
| Scourge Bone Chimes | 1 |  | 
| Belt of Giant Strength +6 | 1 |  | 
| Demonic Figurine | 1 |  | 
| Inferno Stone | 1 |  | 
| Ankh of Reincarnation | 2 |  | 
| Staff of Sanctuary | 1 |  | 
| Robe of the Magi +6 | 2 |  | 
| Runed Bracers | 1 |  | 
                28 total
  
               
              
              
RockBocken (
red | 109 APM | 14129 actions | 129:43)
              
 10 Mountain King 
 3 Storm Bolt
 3 Bash
 1 Avatar
 3 Thunder Clap
 5 Archmage 
 3 Blizzard
 2 Brilliance Aura
 8 Blood Mage 
 3 Flame Strike
 3 Siphon Mana
 1 Summon Phoenix
 1 Banish
 
                » actions 
                
                | Assign group hotkey | 401 |  | 
| Basic commands | 22 |  | 
| Build / train | 498 |  | 
| Enter build submenu | 423 |  | 
| Enter hero's abilities submenu | 23 |  | 
| Give item / drop item | 7 |  | 
| Remove unit from queue | 5 |  | 
| Right click | 6437 |  | 
| Select / deselect | 1747 |  | 
| Select group hotkey | 3216 |  | 
| Use ability | 1350 |  | 
                14129 total
 » units 
                
                | Peasant | 110 |  | 
| Gryphon Rider | 11 |  | 
| Flying Machine | 19 |  | 
                140 total
 » upgrades
                
                | Masonry | 4 |  | 
| Lumber Harvesting | 2 |  | 
| Magic Sentry | 1 |  | 
| Storm Hammers | 1 |  | 
| Animal War Training | 1 |  | 
| Swords | 3 |  | 
| Armor | 4 |  | 
| Gunpowder | 3 |  | 
| Plating | 3 |  | 
| Flak Cannons | 1 |  | 
| Fragmentation Shards | 1 |  | 
| Flying Machine Bombs | 1 |  | 
| Flare | 1 |  | 
| Barrage | 1 |  | 
                27 total
 » buildings
                
                | Altar of Kings | 1 |  | 
| Farm | 11 |  | 
| Lumber Mill | 6 |  | 
| Scout Tower | 598 |  | 
| Arcane Tower | 11 |  | 
| Guard Tower | 200 |  | 
| Arcane Vault | 14 |  | 
| Keep | 1 |  | 
| Arcane Sanctum | 2 |  | 
| Castle | 1 |  | 
| Town Hall | 6 |  | 
| Blacksmith | 3 |  | 
| Barracks | 1 |  | 
| Gryphon Aviary | 1 |  | 
| Workshop | 4 |  | 
                860 total
 » build order
                00:04 Altar of Kings
00:25 Farm
00:42 Lumber Mill
00:57 Farm
01:08 Scout Tower
01:32 Scout Tower
01:49 Arcane Tower
01:50 Scout Tower
02:05 Arcane Tower
02:06 Scout Tower
02:16 Guard Tower
02:20 Scout Tower
02:40 Guard Tower
02:42 Scout Tower
02:46 Farm
02:50 Scout Tower
03:49 Scout Tower
03:49 Scout Tower
03:50 Arcane Tower
03:52 Scout Tower
03:53 Scout Tower
03:53 Guard Tower
03:54 Scout Tower
03:56 Arcane Vault
04:00 Guard Tower
04:01 Scout Tower
04:01 Scout Tower
04:29 Guard Tower
04:30 Scout Tower
04:37 Scout Tower
04:44 Guard Tower
04:46 Scout Tower
04:59 Arcane Tower
05:34 Scout Tower
05:35 Scout Tower
05:45 Scout Tower
05:46 Scout Tower
05:47 Scout Tower
05:56 Scout Tower
05:58 Arcane Vault
06:03 Guard Tower
06:05 Scout Tower
06:06 Scout Tower
06:07 Arcane Vault
06:09 Scout Tower
06:09 Scout Tower
06:11 Guard Tower
06:14 Scout Tower
06:20 Guard Tower
06:42 Guard Tower
06:44 Scout Tower
06:48 Keep
06:51 Guard Tower
06:54 Scout Tower
07:14 Guard Tower
07:16 Scout Tower
07:17 Scout Tower
07:21 Scout Tower
07:55 Guard Tower
07:58 Scout Tower
09:05 Guard Tower
09:06 Scout Tower
09:06 Scout Tower
09:09 Guard Tower
09:10 Scout Tower
09:15 Arcane Sanctum
09:20 Scout Tower
09:27 Scout Tower
09:37 Scout Tower
09:39 Arcane Vault
09:44 Guard Tower
09:46 Scout Tower
09:56 Guard Tower
09:57 Scout Tower
10:13 Guard Tower
10:45 Guard Tower
11:01 Castle
11:19 Scout Tower
11:19 Scout Tower
11:20 Scout Tower
11:21 Scout Tower
11:27 Guard Tower
11:28 Scout Tower
11:29 Scout Tower
11:51 Guard Tower
11:56 Scout Tower
11:57 Scout Tower
12:01 Scout Tower
12:05 Scout Tower
12:07 Guard Tower
12:08 Scout Tower
12:09 Scout Tower
12:10 Scout Tower
12:54 Guard Tower
13:27 Guard Tower
13:34 Guard Tower
14:08 Guard Tower
14:10 Scout Tower
14:10 Scout Tower
14:26 Scout Tower
14:26 Scout Tower
14:50 Town Hall
15:11 Guard Tower
15:13 Scout Tower
15:14 Scout Tower
15:18 Scout Tower
15:41 Guard Tower
15:42 Scout Tower
15:49 Guard Tower
15:51 Scout Tower
16:13 Scout Tower
16:13 Guard Tower
16:39 Scout Tower
16:39 Scout Tower
16:41 Guard Tower
16:43 Scout Tower
17:08 Scout Tower
17:15 Guard Tower
17:16 Scout Tower
17:50 Guard Tower
17:51 Scout Tower
17:55 Scout Tower
17:56 Scout Tower
18:02 Scout Tower
18:05 Guard Tower
18:06 Scout Tower
18:15 Guard Tower
18:27 Scout Tower
18:29 Scout Tower
18:41 Arcane Tower
18:42 Scout Tower
18:46 Town Hall
18:55 Scout Tower
18:56 Scout Tower
19:10 Guard Tower
19:11 Scout Tower
19:12 Scout Tower
19:13 Scout Tower
19:13 Scout Tower
19:14 Scout Tower
19:16 Guard Tower
19:17 Scout Tower
19:18 Scout Tower
19:19 Scout Tower
19:19 Scout Tower
19:22 Farm
19:22 Guard Tower
19:25 Scout Tower
20:05 Guard Tower
20:25 Arcane Sanctum
20:37 Guard Tower
20:39 Scout Tower
20:45 Guard Tower
20:50 Scout Tower
20:52 Guard Tower
20:58 Scout Tower
20:59 Scout Tower
21:00 Guard Tower
21:04 Guard Tower
21:05 Scout Tower
21:08 Scout Tower
21:24 Guard Tower
21:26 Scout Tower
21:28 Guard Tower
21:28 Guard Tower
21:28 Guard Tower
21:31 Guard Tower
21:31 Guard Tower
21:32 Guard Tower
21:37 Guard Tower
21:37 Guard Tower
21:38 Guard Tower
21:41 Guard Tower
21:47 Scout Tower
21:48 Scout Tower
22:16 Guard Tower
22:18 Scout Tower
22:24 Scout Tower
22:33 Scout Tower
24:10 Scout Tower
24:19 Guard Tower
24:21 Scout Tower
24:40 Guard Tower
24:42 Lumber Mill
24:43 Scout Tower
24:44 Scout Tower
24:45 Scout Tower
24:55 Guard Tower
25:10 Scout Tower
25:10 Scout Tower
25:11 Scout Tower
25:11 Scout Tower
25:19 Scout Tower
25:20 Scout Tower
25:25 Scout Tower
25:27 Scout Tower
25:27 Scout Tower
25:28 Scout Tower
25:31 Scout Tower
25:32 Scout Tower
25:32 Scout Tower
25:40 Scout Tower
25:40 Scout Tower
25:59 Guard Tower
26:52 Scout Tower
27:16 Guard Tower
27:17 Scout Tower
27:19 Scout Tower
27:42 Arcane Vault
27:43 Guard Tower
28:08 Guard Tower
28:10 Guard Tower
28:11 Scout Tower
28:16 Scout Tower
28:17 Scout Tower
28:17 Scout Tower
28:18 Scout Tower
28:19 Scout Tower
28:20 Scout Tower
28:21 Scout Tower
28:22 Scout Tower
28:34 Scout Tower
28:35 Scout Tower
28:44 Guard Tower
28:44 Guard Tower
29:13 Scout Tower
29:25 Scout Tower
29:41 Scout Tower
29:42 Scout Tower
29:43 Guard Tower
29:44 Scout Tower
30:01 Guard Tower
30:03 Scout Tower
30:53 Guard Tower
31:26 Scout Tower
31:27 Scout Tower
31:30 Scout Tower
31:31 Scout Tower
31:32 Scout Tower
31:33 Scout Tower
31:35 Guard Tower
31:36 Arcane Vault
31:38 Guard Tower
31:40 Scout Tower
31:41 Scout Tower
31:41 Scout Tower
31:47 Guard Tower
31:50 Scout Tower
31:54 Scout Tower
31:55 Scout Tower
32:01 Scout Tower
32:02 Scout Tower
32:03 Scout Tower
32:04 Arcane Vault
32:06 Guard Tower
32:08 Scout Tower
32:10 Scout Tower
32:11 Scout Tower
32:12 Scout Tower
32:12 Scout Tower
32:20 Scout Tower
32:20 Scout Tower
32:23 Guard Tower
32:41 Scout Tower
33:01 Guard Tower
33:03 Scout Tower
33:03 Scout Tower
33:34 Guard Tower
33:45 Guard Tower
33:45 Scout Tower
34:04 Guard Tower
34:08 Guard Tower
34:11 Guard Tower
34:13 Arcane Vault
34:20 Scout Tower
34:54 Scout Tower
35:07 Scout Tower
35:55 Scout Tower
36:15 Scout Tower
36:16 Scout Tower
36:17 Scout Tower
36:17 Scout Tower
36:19 Scout Tower
36:19 Scout Tower
36:24 Scout Tower
36:27 Lumber Mill
36:30 Lumber Mill
36:31 Arcane Tower
37:08 Scout Tower
37:12 Scout Tower
37:13 Scout Tower
37:14 Scout Tower
37:14 Scout Tower
37:15 Scout Tower
37:15 Scout Tower
37:27 Blacksmith
37:29 Barracks
37:34 Gryphon Aviary
37:35 Guard Tower
37:38 Guard Tower
37:39 Scout Tower
37:41 Scout Tower
38:09 Guard Tower
38:37 Scout Tower
38:38 Scout Tower
38:49 Scout Tower
39:04 Scout Tower
39:05 Scout Tower
39:05 Scout Tower
39:07 Guard Tower
40:29 Scout Tower
40:32 Farm
40:32 Farm
40:33 Farm
40:33 Farm
40:35 Guard Tower
40:37 Scout Tower
40:38 Scout Tower
40:42 Guard Tower
41:06 Scout Tower
41:07 Scout Tower
41:08 Scout Tower
41:12 Guard Tower
41:14 Scout Tower
41:20 Farm
41:22 Guard Tower
41:24 Scout Tower
41:32 Scout Tower
41:33 Scout Tower
41:35 Guard Tower
41:37 Scout Tower
41:37 Scout Tower
41:45 Scout Tower
41:46 Arcane Tower
42:01 Guard Tower
42:04 Farm
43:16 Guard Tower
43:17 Scout Tower
43:19 Guard Tower
43:21 Scout Tower
43:24 Scout Tower
43:25 Scout Tower
43:26 Scout Tower
43:32 Scout Tower
43:37 Scout Tower
43:38 Scout Tower
43:44 Guard Tower
43:45 Scout Tower
43:49 Scout Tower
43:50 Scout Tower
43:59 Guard Tower
44:00 Scout Tower
44:15 Guard Tower
44:42 Scout Tower
46:25 Guard Tower
46:27 Scout Tower
48:09 Scout Tower
48:09 Scout Tower
48:11 Scout Tower
48:12 Scout Tower
48:13 Scout Tower
48:13 Scout Tower
48:20 Scout Tower
48:22 Guard Tower
48:23 Scout Tower
48:24 Scout Tower
51:50 Scout Tower
51:51 Scout Tower
51:51 Scout Tower
51:52 Scout Tower
51:53 Scout Tower
51:53 Scout Tower
52:13 Scout Tower
52:14 Scout Tower
52:15 Scout Tower
52:15 Scout Tower
52:15 Scout Tower
52:18 Scout Tower
52:19 Scout Tower
52:20 Scout Tower
52:20 Scout Tower
52:21 Scout Tower
52:21 Scout Tower
52:25 Scout Tower
52:26 Scout Tower
52:27 Scout Tower
52:27 Scout Tower
52:28 Scout Tower
52:28 Scout Tower
53:17 Town Hall
53:18 Scout Tower
53:18 Scout Tower
53:19 Scout Tower
53:20 Scout Tower
53:39 Scout Tower
53:45 Scout Tower
54:09 Lumber Mill
54:13 Scout Tower
54:14 Scout Tower
54:15 Scout Tower
54:15 Scout Tower
54:17 Scout Tower
54:17 Scout Tower
54:18 Scout Tower
54:19 Scout Tower
54:24 Scout Tower
54:25 Scout Tower
54:29 Lumber Mill
54:33 Scout Tower
54:38 Scout Tower
55:12 Scout Tower
55:14 Guard Tower
55:16 Guard Tower
55:17 Scout Tower
55:18 Scout Tower
55:19 Guard Tower
55:21 Scout Tower
55:21 Scout Tower
55:24 Guard Tower
55:31 Scout Tower
55:32 Scout Tower
55:33 Scout Tower
55:34 Scout Tower
55:35 Scout Tower
55:35 Scout Tower
55:38 Guard Tower
55:39 Scout Tower
55:40 Scout Tower
55:41 Scout Tower
55:41 Scout Tower
55:42 Scout Tower
55:43 Scout Tower
55:44 Scout Tower
55:44 Scout Tower
55:55 Guard Tower
55:57 Guard Tower
55:59 Guard Tower
56:01 Arcane Vault
56:27 Guard Tower
56:31 Guard Tower
56:33 Guard Tower
56:39 Scout Tower
56:40 Scout Tower
56:41 Scout Tower
56:41 Scout Tower
56:42 Scout Tower
56:42 Scout Tower
56:43 Scout Tower
56:43 Scout Tower
57:01 Guard Tower
57:19 Guard Tower
57:23 Scout Tower
57:24 Scout Tower
57:25 Scout Tower
57:26 Scout Tower
57:26 Scout Tower
57:27 Scout Tower
57:28 Scout Tower
57:28 Scout Tower
57:29 Scout Tower
57:35 Scout Tower
57:35 Scout Tower
57:51 Guard Tower
57:54 Scout Tower
57:54 Scout Tower
57:55 Scout Tower
57:55 Scout Tower
57:56 Scout Tower
57:56 Scout Tower
57:57 Scout Tower
58:02 Scout Tower
58:03 Scout Tower
58:03 Scout Tower
58:04 Scout Tower
58:04 Scout Tower
58:05 Scout Tower
58:20 Scout Tower
58:21 Scout Tower
58:22 Guard Tower
58:24 Scout Tower
58:25 Scout Tower
58:25 Guard Tower
58:29 Guard Tower
58:33 Arcane Vault
58:35 Guard Tower
58:36 Scout Tower
58:37 Scout Tower
58:37 Scout Tower
58:43 Guard Tower
58:46 Guard Tower
59:00 Guard Tower
59:20 Guard Tower
59:24 Guard Tower
59:29 Scout Tower
59:30 Scout Tower
59:31 Scout Tower
59:33 Guard Tower
59:36 Scout Tower
59:39 Scout Tower
59:39 Scout Tower
59:40 Scout Tower
59:41 Scout Tower
59:42 Scout Tower
59:43 Scout Tower
59:47 Scout Tower
59:47 Scout Tower
59:50 Guard Tower
60:27 Guard Tower
60:30 Guard Tower
60:31 Scout Tower
60:32 Scout Tower
60:32 Scout Tower
60:33 Scout Tower
60:33 Scout Tower
60:39 Scout Tower
60:40 Scout Tower
60:41 Scout Tower
60:42 Scout Tower
60:43 Guard Tower
60:44 Scout Tower
60:45 Scout Tower
60:47 Guard Tower
60:49 Scout Tower
60:49 Scout Tower
62:15 Guard Tower
62:17 Scout Tower
62:18 Scout Tower
62:35 Scout Tower
62:36 Scout Tower
62:38 Scout Tower
62:38 Scout Tower
62:39 Scout Tower
62:40 Scout Tower
62:40 Scout Tower
62:41 Scout Tower
62:41 Scout Tower
62:57 Scout Tower
62:59 Scout Tower
63:03 Scout Tower
63:04 Scout Tower
63:04 Scout Tower
63:05 Scout Tower
63:05 Scout Tower
63:14 Scout Tower
63:15 Scout Tower
63:16 Scout Tower
63:17 Scout Tower
63:17 Scout Tower
63:18 Scout Tower
63:18 Scout Tower
63:19 Scout Tower
63:21 Guard Tower
63:22 Scout Tower
63:23 Scout Tower
63:23 Scout Tower
63:25 Guard Tower
63:26 Scout Tower
63:28 Scout Tower
63:29 Scout Tower
64:36 Guard Tower
64:37 Scout Tower
64:38 Scout Tower
64:40 Scout Tower
64:41 Scout Tower
64:42 Scout Tower
64:43 Scout Tower
64:44 Scout Tower
64:45 Guard Tower
64:48 Scout Tower
64:49 Scout Tower
64:49 Scout Tower
64:50 Scout Tower
64:50 Scout Tower
64:51 Scout Tower
64:53 Guard Tower
64:59 Guard Tower
65:26 Guard Tower
65:47 Guard Tower
65:48 Scout Tower
65:49 Scout Tower
65:52 Guard Tower
65:53 Scout Tower
65:54 Scout Tower
65:55 Scout Tower
65:55 Scout Tower
66:19 Guard Tower
66:27 Scout Tower
66:28 Scout Tower
66:28 Scout Tower
66:29 Scout Tower
66:31 Scout Tower
66:32 Scout Tower
66:32 Scout Tower
66:33 Scout Tower
66:34 Scout Tower
66:36 Scout Tower
66:37 Scout Tower
66:37 Scout Tower
66:38 Scout Tower
66:38 Scout Tower
66:39 Scout Tower
66:41 Scout Tower
66:41 Scout Tower
66:43 Guard Tower
66:45 Scout Tower
66:47 Scout Tower
66:47 Scout Tower
66:48 Scout Tower
66:50 Guard Tower
66:51 Scout Tower
66:53 Guard Tower
66:54 Scout Tower
66:55 Scout Tower
66:59 Scout Tower
67:00 Scout Tower
67:00 Scout Tower
67:01 Scout Tower
67:02 Guard Tower
67:16 Guard Tower
67:19 Scout Tower
67:20 Scout Tower
67:21 Scout Tower
67:22 Scout Tower
67:22 Scout Tower
67:23 Scout Tower
67:23 Scout Tower
67:24 Scout Tower
67:26 Guard Tower
67:28 Scout Tower
67:28 Scout Tower
67:35 Guard Tower
67:45 Guard Tower
67:46 Scout Tower
67:47 Scout Tower
67:55 Guard Tower
67:57 Guard Tower
68:00 Scout Tower
68:00 Scout Tower
68:11 Guard Tower
68:23 Guard Tower
68:24 Scout Tower
68:24 Scout Tower
69:10 Guard Tower
69:11 Scout Tower
69:13 Scout Tower
69:15 Guard Tower
69:16 Scout Tower
69:17 Scout Tower
69:34 Guard Tower
69:35 Scout Tower
69:36 Scout Tower
69:39 Scout Tower
69:39 Scout Tower
69:42 Guard Tower
69:57 Guard Tower
70:02 Scout Tower
70:03 Scout Tower
70:04 Scout Tower
70:05 Scout Tower
70:06 Scout Tower
70:06 Scout Tower
70:08 Scout Tower
70:09 Scout Tower
70:10 Scout Tower
70:10 Scout Tower
70:11 Scout Tower
70:12 Scout Tower
70:14 Guard Tower
70:17 Scout Tower
70:18 Scout Tower
70:18 Scout Tower
70:23 Arcane Vault
70:26 Arcane Vault
70:29 Guard Tower
70:31 Scout Tower
70:32 Scout Tower
70:32 Scout Tower
70:33 Scout Tower
70:35 Guard Tower
70:35 Scout Tower
70:38 Arcane Vault
70:39 Guard Tower
70:41 Scout Tower
70:41 Scout Tower
70:42 Scout Tower
71:18 Guard Tower
71:31 Blacksmith
71:43 Guard Tower
72:18 Guard Tower
72:44 Scout Tower
73:27 Scout Tower
73:28 Scout Tower
73:28 Scout Tower
74:24 Scout Tower
74:24 Scout Tower
74:27 Guard Tower
74:30 Guard Tower
74:32 Scout Tower
74:32 Scout Tower
74:36 Guard Tower
74:39 Guard Tower
75:00 Guard Tower
75:02 Scout Tower
75:25 Scout Tower
76:08 Guard Tower
76:31 Guard Tower
76:46 Scout Tower
76:48 Scout Tower
76:49 Scout Tower
76:50 Scout Tower
76:50 Scout Tower
76:52 Arcane Tower
77:24 Arcane Tower
77:31 Scout Tower
77:32 Scout Tower
77:34 Scout Tower
77:35 Scout Tower
77:43 Scout Tower
77:44 Scout Tower
77:45 Scout Tower
78:07 Guard Tower
78:17 Scout Tower
78:17 Scout Tower
78:18 Scout Tower
78:18 Scout Tower
79:19 Blacksmith
79:20 Guard Tower
79:23 Guard Tower
79:25 Scout Tower
79:28 Arcane Tower
79:33 Scout Tower
79:34 Scout Tower
79:35 Scout Tower
79:58 Guard Tower
79:59 Scout Tower
80:31 Guard Tower
80:31 Scout Tower
80:32 Scout Tower
81:25 Arcane Tower
81:29 Scout Tower
81:29 Scout Tower
81:35 Scout Tower
81:39 Scout Tower
81:44 Scout Tower
81:45 Scout Tower
81:46 Scout Tower
81:46 Scout Tower
81:47 Scout Tower
81:47 Scout Tower
81:48 Scout Tower
81:49 Scout Tower
81:50 Scout Tower
81:50 Scout Tower
81:53 Arcane Vault
81:54 Scout Tower
81:55 Scout Tower
81:56 Scout Tower
81:57 Scout Tower
81:58 Scout Tower
81:58 Scout Tower
81:59 Scout Tower
82:02 Scout Tower
82:03 Scout Tower
82:04 Scout Tower
82:05 Scout Tower
82:06 Scout Tower
82:06 Scout Tower
82:07 Scout Tower
82:09 Guard Tower
82:13 Scout Tower
82:14 Scout Tower
82:15 Scout Tower
82:16 Scout Tower
82:16 Scout Tower
82:17 Scout Tower
82:19 Guard Tower
82:44 Guard Tower
82:49 Guard Tower
82:52 Guard Tower
83:10 Guard Tower
83:12 Scout Tower
83:13 Scout Tower
83:14 Scout Tower
84:35 Farm
84:36 Guard Tower
84:48 Guard Tower
84:53 Guard Tower
84:55 Scout Tower
84:56 Scout Tower
84:57 Scout Tower
84:57 Scout Tower
85:08 Workshop
85:09 Workshop
85:11 Workshop
85:13 Workshop
85:17 Guard Tower
85:19 Guard Tower
85:21 Scout Tower
85:23 Guard Tower
86:08 Guard Tower
86:22 Scout Tower
86:22 Scout Tower
86:23 Scout Tower
86:24 Scout Tower
86:42 Guard Tower
86:43 Scout Tower
86:43 Scout Tower
86:44 Scout Tower
87:42 Guard Tower
87:44 Guard Tower
87:49 Guard Tower
88:02 Guard Tower
88:04 Scout Tower
88:05 Scout Tower
88:06 Scout Tower
88:54 Guard Tower
88:57 Scout Tower
90:59 Scout Tower
91:03 Scout Tower
92:52 Guard Tower
93:02 Guard Tower
93:03 Scout Tower
93:04 Scout Tower
112:08 Town Hall
113:47 Town Hall
113:53 Scout Tower
113:54 Scout Tower
113:55 Scout Tower
113:56 Guard Tower
117:31 Guard Tower
117:32 Scout Tower
117:33 Scout Tower
117:34 Scout Tower
117:35 Scout Tower
117:36 Scout Tower
117:36 Scout Tower
117:38 Scout Tower
120:10 Town Hall
120:50 Guard Tower
128:22 Scout Tower
128:23 Scout Tower
128:24 Scout Tower
128:24 Scout Tower
128:25 Scout Tower
128:25 Scout Tower
128:26 Scout Tower
128:27 Scout Tower
128:29 Scout Tower
128:30 Scout Tower
128:30 Scout Tower
128:31 Scout Tower
128:32 Scout Tower
128:33 Scout Tower
128:34 Scout Tower
» items
                
                | Scroll of Regeneration | 22 |  | 
| Lesser Clarity Potion | 6 |  | 
| Potion of Healing | 5 |  | 
| Potion of Mana | 1 |  | 
| Staff of Sanctuary | 3 |  | 
| Scroll of Town Portal | 22 |  | 
| Orb of Lightning | 5 |  | 
| Tiny Great Hall | 1 |  | 
| Healing Salve | 1 |  | 
| The Lion Horn of Stormwind | 1 |  | 
| Alleria's Flute of Accuracy | 1 |  | 
| Inferno Stone | 3 |  | 
| Ankh of Reincarnation | 1 |  | 
| Health Stone | 2 |  | 
| Mana Stone | 1 |  | 
| Runed Bracers | 3 |  | 
| Talisman of the Wild | 1 |  | 
| Demonic Figurine | 1 |  | 
| Belt of Giant Strength +6 | 2 |  | 
| Robe of the Magi +6 | 2 |  | 
                84 total
  
               
              
              
SARGEcard.co.uk (
blue | 62 APM | 8067 actions | 129:43)
              
 10 Blademaster 
 3 Wind Walk
 3 Critical Strike
 1 Bladestorm
 3 Mirror Image
 4 Dark Ranger 
 2 Silence
 2 Life Drain
 
                » actions 
                
                | Assign group hotkey | 20 |  | 
| Basic commands | 81 |  | 
| Build / train | 151 |  | 
| ESC pressed | 8 |  | 
| Enter build submenu | 160 |  | 
| Enter hero's abilities submenu | 15 |  | 
| Give item / drop item | 13 |  | 
| Right click | 4830 |  | 
| Select / deselect | 686 |  | 
| Select group hotkey | 1436 |  | 
| Use ability | 667 |  | 
                8067 total
 » units 
                
                | Peon | 58 |  | 
| Troll Batrider | 17 |  | 
| Goblin Zeppelin | 1 |  | 
                76 total
 » upgrades
                
                | Spiked Barricades | 1 |  | 
| Reinforced Defenses | 1 |  | 
                2 total
 » buildings
                
                | Altar of Storms | 3 |  | 
| War Mill | 2 |  | 
| Orc Burrow | 5 |  | 
| Watch Tower | 189 |  | 
| Voodoo Lounge | 4 |  | 
| Stronghold | 4 |  | 
| Great Hall | 8 |  | 
| Beastiary | 1 |  | 
| Fortress | 2 |  | 
                218 total
 » build order
                00:24 Altar of Storms
00:29 War Mill
00:38 Orc Burrow
01:49 Watch Tower
02:15 Watch Tower
03:01 Watch Tower
03:06 Orc Burrow
04:00 Voodoo Lounge
04:08 Watch Tower
04:09 Watch Tower
04:14 Watch Tower
04:39 Watch Tower
05:47 Watch Tower
05:47 Watch Tower
05:50 Watch Tower
05:51 Watch Tower
05:55 Watch Tower
06:32 Watch Tower
06:33 Watch Tower
06:45 Watch Tower
08:48 Stronghold
08:52 Watch Tower
08:53 Watch Tower
08:54 Watch Tower
09:07 Great Hall
09:21 Great Hall
24:22 Altar of Storms
24:31 Great Hall
24:38 Great Hall
24:41 War Mill
25:02 Watch Tower
25:03 Watch Tower
25:03 Watch Tower
25:04 Watch Tower
25:05 Watch Tower
25:06 Watch Tower
25:30 Watch Tower
25:30 Watch Tower
25:31 Watch Tower
26:58 Great Hall
27:04 Watch Tower
27:05 Watch Tower
29:17 Watch Tower
29:18 Watch Tower
29:20 Watch Tower
29:21 Watch Tower
29:25 Watch Tower
29:26 Watch Tower
29:31 Stronghold
30:00 Watch Tower
30:01 Watch Tower
31:33 Watch Tower
31:33 Watch Tower
31:34 Watch Tower
31:35 Watch Tower
32:27 Beastiary
32:33 Stronghold
32:36 Watch Tower
32:37 Watch Tower
33:26 Watch Tower
33:27 Watch Tower
33:28 Watch Tower
33:28 Watch Tower
33:32 Voodoo Lounge
33:50 Fortress
33:55 Watch Tower
33:55 Watch Tower
33:56 Watch Tower
35:43 Altar of Storms
35:44 Orc Burrow
37:38 Orc Burrow
37:39 Orc Burrow
37:48 Voodoo Lounge
38:20 Watch Tower
38:24 Watch Tower
38:27 Watch Tower
38:29 Watch Tower
38:45 Watch Tower
38:46 Watch Tower
38:47 Watch Tower
38:47 Watch Tower
38:48 Watch Tower
39:15 Great Hall
40:50 Great Hall
42:02 Watch Tower
42:48 Great Hall
43:40 Watch Tower
44:47 Watch Tower
47:44 Watch Tower
47:45 Watch Tower
47:46 Watch Tower
47:47 Watch Tower
47:47 Watch Tower
47:48 Watch Tower
48:47 Watch Tower
48:48 Watch Tower
48:50 Watch Tower
48:51 Watch Tower
48:55 Watch Tower
48:56 Watch Tower
49:43 Watch Tower
49:44 Watch Tower
49:45 Watch Tower
49:46 Watch Tower
51:10 Watch Tower
51:11 Watch Tower
51:11 Watch Tower
51:13 Watch Tower
51:15 Watch Tower
51:16 Watch Tower
51:20 Watch Tower
52:15 Watch Tower
52:16 Watch Tower
52:20 Watch Tower
52:21 Watch Tower
52:24 Watch Tower
52:25 Watch Tower
53:32 Watch Tower
53:33 Watch Tower
53:36 Watch Tower
53:37 Watch Tower
53:41 Watch Tower
53:44 Watch Tower
53:45 Watch Tower
53:58 Watch Tower
54:00 Watch Tower
54:01 Watch Tower
55:59 Watch Tower
56:00 Watch Tower
56:24 Watch Tower
56:24 Watch Tower
56:25 Watch Tower
56:38 Watch Tower
56:39 Watch Tower
56:39 Watch Tower
58:18 Watch Tower
58:18 Watch Tower
58:20 Watch Tower
58:21 Watch Tower
59:26 Watch Tower
59:27 Watch Tower
59:28 Watch Tower
59:43 Watch Tower
59:44 Watch Tower
59:44 Watch Tower
59:55 Watch Tower
59:56 Watch Tower
61:57 Watch Tower
62:09 Watch Tower
62:10 Watch Tower
62:11 Watch Tower
62:11 Watch Tower
63:01 Watch Tower
64:36 Watch Tower
64:37 Watch Tower
64:37 Watch Tower
64:38 Watch Tower
64:43 Watch Tower
64:45 Watch Tower
64:46 Watch Tower
64:46 Watch Tower
64:48 Watch Tower
66:45 Watch Tower
66:45 Watch Tower
67:26 Watch Tower
67:27 Watch Tower
67:27 Watch Tower
67:28 Watch Tower
67:29 Watch Tower
67:29 Watch Tower
67:50 Watch Tower
67:51 Watch Tower
69:58 Watch Tower
69:59 Watch Tower
70:03 Watch Tower
70:04 Watch Tower
70:05 Watch Tower
72:15 Watch Tower
72:15 Watch Tower
72:16 Watch Tower
72:16 Watch Tower
75:07 Voodoo Lounge
76:50 Watch Tower
76:52 Watch Tower
76:53 Watch Tower
76:54 Watch Tower
76:55 Watch Tower
76:56 Watch Tower
77:28 Watch Tower
77:29 Watch Tower
77:30 Watch Tower
78:26 Watch Tower
78:28 Watch Tower
78:29 Watch Tower
83:11 Watch Tower
83:12 Watch Tower
83:12 Watch Tower
83:13 Watch Tower
83:14 Watch Tower
83:14 Watch Tower
83:15 Watch Tower
85:58 Watch Tower
88:22 Watch Tower
88:23 Watch Tower
88:24 Watch Tower
88:25 Watch Tower
88:25 Watch Tower
88:26 Watch Tower
88:27 Watch Tower
88:27 Watch Tower
88:29 Watch Tower
88:29 Watch Tower
88:30 Watch Tower
88:32 Watch Tower
100:48 Watch Tower
100:59 Watch Tower
105:33 Stronghold
107:59 Fortress
» items
                
                | Lesser Clarity Potion | 5 |  | 
| Healing Salve | 1 |  | 
| Scroll of Speed | 1 |  | 
| Belt of Giant Strength +6 | 5 |  | 
| Runed Bracers | 1 |  | 
| Inferno Stone | 12 |  | 
| Potion of Healing | 6 |  | 
| Potion of Mana | 4 |  | 
| Scroll of Regeneration | 3 |  | 
| Orb of Venom | 1 |  | 
| Orb of Lightning | 1 |  | 
| Scroll of Town Portal | 1 |  | 
| Moonstone | 1 |  | 
| Boots of Quel'Thalas +6 | 5 |  | 
| Robe of the Magi +6 | 1 |  | 
| Staff of Sanctuary | 1 |  | 
| The Lion Horn of Stormwind | 1 |  | 
                50 total
  
                Chat log
          (00:11 / All) SARGEcard.co.uk: shit i lost my sarge card,
(00:16 / All) SARGEcard.co.uk: can any1 help me find it.
(00:43 / Allies) SARGEcard.co.uk: pliece and thank ye
(00:54 / All) DOGSANDHORSE.RU: How moved my cheice
(01:11 / All) Triso_men: Shut and play seems a good plan i thinks
(01:12 / All) SARGEcard.co.uk: who moved my ché ice
(01:22 / All) RockBocken: do you surrender lol???? :]
(01:24 / All) DOGSANDHORSE.RU: ƒ   
(01:30 / All) DOGSANDHORSE.RU: it seems manner
(01:31 / All) GoToYurup: ƒriends.
(01:31 / All) DOGSANDHORSE.RU: is not
(01:32 / All) DOGSANDHORSE.RU: your
(01:34 / All) DOGSANDHORSE.RU: ƒ.
(01:41 / All) SARGEcard.co.uk: BOOOOOOOOOOOORN to be wild! :-P~
(01:42 / All) DnA)TIman: hey man where do you come from ?
(01:48 / All) DOGSANDHORSE.RU: canada, toronto
(01:53 / All) DnA)TIman: ok
(02:05 / All) DnA)TIman: me st petersbourg
(02:08 / All) DOGSANDHORSE.RU: ))
(04:26 / All) Triso_men: good try
(04:31 / All) DOGSANDHORSE.RU: youse your head-child
(04:51 / All) SARGEcard.co.uk: yous guys
(05:50 / All) Nico_Le_Dio[fr]: omg noob lammer -.-'"
(06:02 / All) SARGEcard.co.uk: hey u guys check out the new blammer?
(06:17 / All) DOGSANDHORSE.RU: blim blam
(06:59 / All) SARGEcard.co.uk: pizza brb
(06:59 / All) DOGSANDHORSE.RU: pixxa please
(08:09 / All) DOGSANDHORSE.RU: LMFAO
(08:11 / All) DOGSANDHORSE.RU: nice surround peink
(09:15 / Allies) SARGEcard.co.uk: speakers off if you talking to me
(09:24 / Allies) DOGSANDHORSE.RU: thought u were gone
(09:25 / Allies) SARGEcard.co.uk: levaing now
(09:28 / Allies) SARGEcard.co.uk: cover me,,,,,,,,,,
(09:33 / Allies) SARGEcard.co.uk: hgad to get my jacket and shoes.
(11:02 / All) Triso_men: bad choice
(11:05 / All) Nico_Le_Dio[fr]: ty for xp xD
(16:22 / All) Nico_Le_Dio[fr]: lol
(19:05 / All) Nico_Le_Dio[fr]: noob ?
(26:00 / Allies) RockBocken: lumbor
(26:11 / Allies) RockBocken: lumbor
(26:12 / Allies) RockBocken: lumbor
(29:16 / All) DOGSANDHORSE.RU: noobs
(29:19 / All) DOGSANDHORSE.RU: ahehehehehehehehheuwheuhw
(29:21 / All) GoToYurup: wow youguys are bads.
(36:52 / All) Triso_men: bad choice again noobie :)
(37:00 / All) GoToYurup: rofl
(37:03 / All) Nico_Le_Dio[fr]: :p
(41:00 / Allies) RockBocken: loiumber
(45:56 / All) RockBocken: YOu ARE SO BAD
(46:01 / All) Triso_men: yeah
(47:07 / Allies) SARGEcard.co.uk: $$$
(48:13 / All) DOGSANDHORSE.RU: tojara's turkey
(51:11 / All) Nico_Le_Dio[fr]: uck you noob leave !
(51:15 / All) Nico_Le_Dio[fr]: fuck
(51:49 / All) DOGSANDHORSE.RU: nice lmfao
(60:11 / Allies) RockBocken: loimbr
(62:22 / All) RockBocken: tell me
(62:25 / All) RockBocken: how did ye lose this game?
(62:39 / All) GoToYurup: what i dont get is how you can be so bad
(62:42 / All) GoToYurup: and talk so much shit..
(62:42 / All) DOGSANDHORSE.RU: blue trhere went to bank for like 25 min
(62:55 / All) RockBocken: Blue go afk for 25 min in the beginning (check chart) we still win?
(63:13 / All) Triso_men: sorry for you :)
(64:03 / All) RockBocken: WOW you are bad
(66:11 / All) RockBocken: teal retard noobe
(66:15 / All) RockBocken: Pink dumbshit
(66:17 / All) Triso_men: ...
(66:56 / All) DOGSANDHORSE.RU: u lose all bat
(67:01 / All) DOGSANDHORSE.RU: for what?
(67:02 / All) DOGSANDHORSE.RU: naught.
(67:32 / All) Nico_Le_Dio[fr]: noob lamer
(67:35 / All) DOGSANDHORSE.RU: leaf
(67:36 / All) RockBocken: hey
(67:38 / All) RockBocken: why did you lose
(67:40 / All) RockBocken: we go afk still win?
(67:43 / All) RockBocken: how are you so bad
(67:46 / All) Triso_men: We will win :)
(67:51 / All) DOGSANDHORSE.RU: really.
(67:52 / All) Triso_men: and you know
(67:59 / All) Triso_men: so You are agressiv against us
(68:16 / All) GoToYurup: haha you think you are going to win... tiny child ;)
(68:26 / All) DOGSANDHORSE.RU: I feel.....
(68:28 / All) GoToYurup: bad choice.
(68:29 / All) Triso_men: But your fucking psycology attack is only for noob :) We will'nt leave :)
(68:30 / All) DOGSANDHORSE.RU: Gould?
(69:35 / All) Nico_Le_Dio[fr]: lol
(70:03 / All) DOGSANDHORSE.RU: that was a swedish joke
(70:05 / All) DOGSANDHORSE.RU: a yeoulk
(70:23 / All) GoToYurup: like when an egg cracks on ur head... yeoulks on you
(70:29 / All) DOGSANDHORSE.RU: egg on your Face
(70:51 / All) SARGEcard.co.uk: like when u get a bitch on her period to menstrate on ur face.....egg on ur face...
(70:58 / All) Nico_Le_Dio[fr]: fuck noob mass tower
(72:22 / Allies) SARGEcard.co.uk: ne1.
(72:54 / All) RockBocken: you trying to set some kind of record
(72:58 / All) RockBocken: wyrms lost to tower?
(75:17 / All) RockBocken: sweet coil
(75:19 / All) RockBocken: good coil
(75:20 / All) RockBocken: best coil
(76:28 / All) Triso_men: NOOOOOOOOOOOOOOb
(76:53 / All) RockBocken: teal
(76:55 / All) RockBocken: How u lose this game
(76:57 / All) RockBocken: when we afk 25 min?
(76:58 / All) RockBocken: how
(76:59 / All) RockBocken: how
(77:08 / All) SARGEcard.co.uk: remember when i afk at beginning
(77:17 / All) SARGEcard.co.uk: and come back to no base up TipTop
(77:37 / All) Triso_men: Talk and talk guy np :)
(77:45 / All) DOGSANDHORSE.RU: die and die guy gg
(77:47 / All) GoToYurup: 1 longtime = 1800 seconds
(77:55 / All) DOGSANDHORSE.RU: 1 dogtime = 7*1800
(78:15 / Allies) SARGEcard.co.uk: 1 dongtime
(78:15 / All) Nico_Le_Dio[fr]: lol green total luck
(78:19 / All) DOGSANDHORSE.RU: nope
(78:23 / All) DOGSANDHORSE.RU: total skill owned neuob
(78:27 / All) GoToYurup: lucker..... fuckre
(81:03 / All) SARGEcard.co.uk: may U drop me a undead orb
(81:11 / All) SARGEcard.co.uk: i give u 6 tiny town hall in ex-change
(81:56 / All) GoToYurup: rofl
(81:58 / All) DOGSANDHORSE.RU: hmm? what happen?
(81:58 / Allies) SARGEcard.co.uk: SouthEastMarketEngageNow
(82:01 / All) DOGSANDHORSE.RU: thought you gonna wein?
(82:42 / All) DOGSANDHORSE.RU: pink weakspirited?
(82:51 / All) Triso_men: I thinks -_-'
(83:03 / All) SARGEcard.co.uk: teal shit noob? ayeasegh
(83:11 / All) GoToYurup: HELL YASE
(83:18 / All) SARGEcard.co.uk: hell yase i suck toes.
(85:24 / All) SARGEcard.co.uk: u guys get african american mines.
(87:56 / All) SARGEcard.co.uk: what do U wqant on your tombstone.
(88:02 / All) SARGEcard.co.uk: pepperoni............
(88:07 / All) DOGSANDHORSE.RU: "i hate towers" - u noobs 20008
(88:20 / All) Nico_Le_Dio[fr]: yes yes noobi
(88:51 / All) GoToYurup: YABADABADOO
(89:04 / Allies) DOGSANDHORSE.RU: yabba
(89:12 / All) DOGSANDHORSE.RU: i kill your castle; big boss down
(90:40 / All) RockBocken: wow you are bad
(90:45 / All) RockBocken: @ this game
(92:33 / All) DOGSANDHORSE.RU: yakko
(92:34 / All) DOGSANDHORSE.RU: wakko
(92:35 / All) DOGSANDHORSE.RU: and naco
(92:51 / All) GoToYurup: an acolyte. a nacolyte
(93:00 / Allies) SARGEcard.co.uk: SouthEastMarketEngageNow
(93:13 / Allies) SARGEcard.co.uk: SEMEN
(94:51 / All) SARGEcard.co.uk: dont quite please.
(94:58 / All) GoToYurup: dont quit when all your units die
(95:30 / All) GoToYurup: winners never quite... and quiters never wine..
(95:55 / All) RockBocken: wow
(95:56 / All) RockBocken: you are
(95:59 / All) RockBocken: not so good
(96:24 / Allies) SARGEcard.co.uk: kylon the gryphon
(97:46 / Allies) SARGEcard.co.uk: BoGS
(97:52 / Allies) SARGEcard.co.uk: BoQT
(100:44 / All) DOGSANDHORSE.RU: U noobs remain a mystery
(100:54 / All) DOGSANDHORSE.RU: karune
(101:00 / All) DOGSANDHORSE.RU: i demand that you ban all noobs now
(101:01 / All) DOGSANDHORSE.RU: you better do
(103:40 / Allies) SARGEcard.co.uk: peace u alter
(103:41 / All) DOGSANDHORSE.RU: peace u later
(108:12 / All) GoToYurup: diggy django.. delicious mango reinhardt
(108:22 / All) SARGEcard.co.uk: bohemian rap city. in blue.
(108:27 / All) DOGSANDHORSE.RU: an ancient diggy....  an ancient diggy janggo of endurance
(109:23 / All) DOGSANDHORSE.RU: stop losing units
(109:27 / All) DOGSANDHORSE.RU: we can't kill them if you do that. . .
(113:20 / All) RockBocken: PinK
(113:23 / All) RockBocken: u pretty bad at this game
(118:09 / Allies) GoToYurup: you are a fucking goods player ...
(120:17 / All) DOGSANDHORSE.RU: Peace u later
(120:29 / All) DOGSANDHORSE.RU: You gonna surround
(120:29 / All) DOGSANDHORSE.RU: ?
(120:33 / All) DOGSANDHORSE.RU: berdnoob.
(120:38 / All) GoToYurup: bergnoob
(121:22 / All) Triso_men: Stop insult us ... You are better but it's not a reason ...
(121:40 / All) DOGSANDHORSE.RU: You're good.........but I'm better!!!!!!!!!!!
(121:43 / All) GoToYurup: You're good... but I'M BETTER!!1
(121:55 / All) Triso_men: And modest ...
(122:08 / All) DOGSANDHORSE.RU: Modest Mussorgsky, my fav. russian composer
(123:02 / All) DOGSANDHORSE.RU: not even w/ zoom aura?
(123:30 / All) Nico_Le_Dio[fr]: lol green ?
(123:37 / All) GoToYurup: Sinjo Honeybro
(123:38 / All) DOGSANDHORSE.RU: i had too much goooold yeowch
(123:56 / All) Triso_men: How Gold have you got ? ...
(123:59 / All) DOGSANDHORSE.RU: 50jk
(124:00 / All) Triso_men: HOw Much*
(124:03 / All) SARGEcard.co.uk: 2500
(124:11 / All) DOGSANDHORSE.RU: 50k
(124:16 / All) Nico_Le_Dio[fr]: XD
(124:17 / All) DOGSANDHORSE.RU: 51288
(125:32 / All) DOGSANDHORSE.RU: peink?
(125:36 / All) DOGSANDHORSE.RU: aheh?
(126:56 / All) Nico_Le_Dio[fr]: gg
(127:00 / All) RockBocken: Bg noobs
(127:01 / All) DOGSANDHORSE.RU: Leaf
(127:02 / All) GoToYurup: bad game
(127:03 / All) GoToYurup: easy
(127:04 / All) DOGSANDHORSE.RU: http://highper.ch/
(127:05 / All) GoToYurup: too easy
(127:27 / All) DOGSANDHORSE.RU: a no manner undead, who would have though?
(127:47 / All) SARGEcard.co.uk: who would have thugged.
(128:14 / All) DOGSANDHORSE.RU: southeast fartket place hehe